 Dungeon Crawl Stone Soup version 0.27.1 (webtiles) character file.

Game seed: 6487396475061942436

879 Kala the Magician (level 7, -1/32 HPs)
             Began as a Spriggan Venom Mage on Sept 1, 2021.
             Was an Initiate of Ashenzari.
             Slain by Edmund (18 damage)
             ... on level 6 of the Dungeon on Sept 2, 2021.
             The game lasted 00:49:39 (7288 turns).

Kala the Magician (Spriggan Venom Mage)             Turns: 7288, Time: 00:49:40

Health: -1/32      AC:  2    Str:  4    XL:     7   Next: 75%
Magic:  8/18       EV: 21    Int: 19    God:    Ashenzari [......]
Gold:   241        SH:  0    Dex: 20    Spells: 7/20 levels left

rFire    . . .     SeeInvis +   (weapon currently unavailable)
rCold    . . .     Faith    .   (shield currently unavailable)
rNeg     . . .     Spirit   .   (armour currently unavailable)
rPois    x         Reflect  .   (helmet currently unavailable)
rElec    .         Harm     .   (cloak currently unavailable)
rCorr    .         Rampage  .   (gloves unavailable)
Will     +....                  (boots unavailable)
Stlth    ++++......             (no amulet)
HPRegen  0.10/turn              l - ring of flight
MPRegen  0.16/turn              (no ring)

@: spider-form, flying
A: venomous fangs, tiny, no large weapons, unfitting armour, see invisible,
(speed 3)
a: End Transformation, Renounce Religion, Curse Item, Shatter the Chains


You were on level 6 of the Dungeon.
You worshipped Ashenzari.
Ashenzari was noncommittal.
You were a venomous arachnid creature.
You visited 2 branches of the dungeon, and saw 7 of its levels.

You collected 241 gold pieces.

Inventory:

Hand Weapons
 m - the cursed +0 dagger of the Firmament (melded) {drain, Alch, Melee}
   (You took it off Robin on level 2 of the Dungeon)

   A truly terrible weapon, it drains the life of any living foe it strikes.
   It has a curse which improves the following skills: Alchemy: Poison Magic and
   Transmutations.
   Melee Combat: Short Blades, Long Blades, Axes, Maces & Flails, Polearms,
   Staves and Unarmed Combat.
Armour
 a - a scarf of repulsion (melded)
 j - the +1 robe "Rogg" (melded) {Contam Str+8}
   (You found it on level 4 of the Dungeon)

   Str:       It affects your strength (+8).
   Contam:    It causes magical contamination when unequipped.
Jewellery
 l - a ring of flight (left front leg)
 q - a ring of ice
Scrolls
 b - a scroll of silence
 c - a scroll of vulnerability
 d - 3 scrolls of identify
 e - 3 scrolls of teleportation
 g - a scroll of fog
 i - 3 scrolls of blinking
 k - a scroll of amnesia
 o - 2 scrolls of magic mapping
 r - 2 scrolls of enchant armour
 s - a scroll of fear
Potions
 f - 2 potions of might
 h - a potion of attraction
 n - a potion of flight
 p - a potion of haste


   Skills:
 + Level 0.1 Fighting
 + Level 1.6 Short Blades
 + Level 3.4 Dodging
 * Level 6.7 Stealth
 + Level 7.3 Spellcasting
 + Level 3.5 Transmutations
 - Level 0.4 Air Magic
 + Level 4.8 Poison Magic


You had 7 spell levels left.
You knew the following spells:

 Your Spells              Type           Power      Damage    Failure   Level
a - Sting                 Tmut/Pois      92%        1d7       8%          1
b - Poisonous Vapours     Pois/Air       34%        N/A       14%         2
c - Mephitic Cloud        Conj/Pois/Air  13%        N/A       32%         3
d - Spider Form           Tmut/Pois      11%        N/A       16%         3
e - Olgreb's Toxic Radia  Pois           25%        N/A       30%         4

Your spell library contained the following spells:

 Spells                   Type           Power      Damage    Failure   Level
 Freeze                   Ice            24%        1d5       24%         1
 Ensorcelled Hibernation  Hex/Ice        12%        N/A       32%         2
 Frozen Ramparts          Ice            12%        1d3       50%         3
 Hailstorm                Conj/Ice       7%         3d4       85%         4
 Shadow Creatures         Summ           N/A        N/A       100%        6


Dungeon Overview and Level Annotations

Branches:
Dungeon (6/15)             Temple (1/1) D:4

Altars:
Ashenzari
Cheibriados
Dithmenos
Elyvilon
Fedhas
Kikubaaqudgha
Nemelex Xobeh
Okawaru
Qazlal
Ru
Sif Muna
Trog
Uskayaw
The Shining One

Annotations:
D:5 3 runed translucent doors, Mizzrym's ghost, novice DsGl; Mizzrym's ghost, novice GrEE
D:6 Edmund


Innate Abilities, Weirdness & Mutations

You are a venomous arachnid creature.
You have poisonous fangs.
You are tiny and dextrous.
Your spellcasting is less reliable in this form.
Your armour is entirely melded.
You are incapable of wielding weapons or throwing items.
You are very small and have problems with some larger weapons.
You are too small for most types of armour.
You have supernaturally acute eyesight. (SInv)
((You cover ground extremely quickly. (Speed+++)))


Message History

Press: ? - help, Shift-Dir - straight line, f/p - Edmund
Aim: Edmund, wielding a +2 vorpal flail and wearing a +0 scale mail (lightly wounded, extremely poisoned, 79% to hit)
The sting hits Edmund.
Edmund looks as sick as possible!
Edmund is lightly wounded.
Casting: Sting (safe; 1% risk of failure)
Confirm with . or Enter, or press ? or * to list all spells.
You turn into a venomous arachnid creature.
The cursed +0 dagger of the Firmament {drain, Alch, Melee} melds into your body.
Your scarf of repulsion melds into your body.
The +1 robe "Rogg" {Contam Str+8} melds into your body.
The haze of the repulsion field disappears.
You hit Edmund but do no damage.
Edmund looks as sick as possible!
Edmund is moderately wounded.
Edmund misses you.
You barely miss Edmund.
Edmund is moderately wounded.
Edmund misses you.
You hit Edmund but do no damage.
Edmund looks as sick as possible!
Edmund is moderately wounded.
Edmund completely misses you.
You hit Edmund but do no damage.
Edmund looks as sick as possible!
Edmund is heavily wounded.
Edmund drinks a potion.
Edmund seems to grow stronger.
You hit Edmund but do no damage.
Edmund is heavily wounded.
Edmund closely misses you.
You hit Edmund but do no damage.
Edmund looks as sick as possible!
Edmund is heavily wounded.
Edmund misses you.
You barely miss Edmund.
Edmund is heavily wounded.
Edmund completely misses you.
You hit Edmund but do no damage.
Edmund looks as sick as possible!
Edmund is severely wounded.
Edmund hits you with a +2 vorpal flail!
You hit Edmund.
Edmund looks as sick as possible!
Edmund is almost dead.
Edmund hits you with a +2 vorpal flail!!
Ouch! That really hurt!
You die...

..........# #.....#
....##...###+##.....#
.... #...##...#.....#
+#####........#.....#
..............+.....#
..............#.....#+##
..............#.........
############'##..>......
...............s@......
.......................
.......................
.......................
..............#+###....
####..........# ....
######.....# ... #.....#
..


You could see Edmund (strong, extremely poisoned).

Vanquished Creatures
  Sigmund (D:2)
  A water moccasin (D:5)
  A scorpion (D:4)
  A howler monkey (D:5)
  3 jellies
  A gnoll shaman (D:4)
  3 orc wizards
  An iguana (D:5)
  Natasha (twice) (D:2)
  A hound skeleton (D:4)
  Robin (D:2)
  3 gnolls (D:4)
  7 adders
  2 worms (D:2)
  4 dart slugs
  7 orcs
  9 bats
  8 endoplasms
  8 giant cockroaches
  15 goblins
  13 hobgoblins
  8 jackals (D:1)
  A quokka (D:1)
  8 ball pythons
  A frilled lizard (D:2)
  8 kobolds
  7 rats
125 creatures vanquished.

Vanquished Creatures (others)
  A jackal (D:1)
1 creature vanquished.

Grand Total: 126 creatures vanquished

Notes
Turn   | Place    | Note
-------+----------+-------------------------------------------
     0 | D:1      | Kala the Spriggan Venom Mage began the quest for the Orb.
     0 | D:1      | Reached XP level 1. HP: 9/9 MP: 5/5
     0 | D:1      | Noticed a jelly
     1 | D:1      | Found a runed translucent door.
   197 | D:1      | Reached XP level 2. HP: 13/13 MP: 0/6
   222 | D:1      | Reached skill level 3 in Spellcasting
   226 | D:1      | Learned a level 2 spell: Poisonous Vapours
  1040 | D:3      | Reached XP level 3. HP: 16/16 MP: 5/8
  1093 | D:3      | Found a white marble altar of Elyvilon.
  1198 | D:4      | Noticed a scorpion
  1218 | D:4      | Killed a scorpion
  1219 | D:4      | Reached XP level 4. HP: 21/21 MP: 1/10
  1470 | D:4      | Identified the +1 robe "Rogg" {Contam Str+8}
  1529 | D:4      | Reached skill level 4 in Spellcasting
  1690 | D:4      | Learned a level 3 spell: Mephitic Cloud
  1709 | D:4      | Reached XP level 5. HP: 24/24 MP: 7/12
  2347 | D:4      | Reached skill level 5 in Spellcasting
  2425 | D:4      | Found a staircase to the Ecumenical Temple.
  2439 | Temple   | Entered the Ecumenical Temple
  2680 | Temple   | Became a worshipper of Ashenzari the Shackled
  3072 | D:3      | Reached skill level 5 in Stealth
  3598 | D:2      | Noticed Robin
  3630 | D:2      | Killed Robin
  3640 | D:2      | Reached XP level 6. HP: 17/27 MP: 1/14
  3689 | D:2      | Reached skill level 1 in Short Blades
  4221 | D:2      | Found an ancient bone altar of Kikubaaqudgha.
  4266 | D:2      | Noticed Natasha
  4274 | D:2      | Killed Natasha
  4387 | D:2      | Noticed Natasha
  4404 | D:2      | Killed Natasha
  4485 | D:2      | Noticed Sigmund
  4507 | D:2      | Killed Sigmund
  4508 | D:2      | Reached skill level 6 in Spellcasting
  4508 | D:2      | Reached XP level 7. HP: 5/32 MP: 8/17
  5603 | D:1      | Found a faded altar of an unknown god.
  5889 | D:5      | Entered Level 5 of the Dungeon
  6495 | D:5      | Found a runed translucent gate.
  6495 | D:5      | Found a runed translucent gate.
  6495 | D:5      | Noticed Mizzrym's ghost (novice GrEE)
  6495 | D:5      | Noticed Mizzrym's ghost (novice DsGl)
  6496 | D:5      | Found a runed translucent gate.
  6596 | D:5      | Reached skill level 7 in Spellcasting
  6827 | D:5      | Learned a level 3 spell: Spider Form
  6832 | D:5      | Learned a level 4 spell: Olgreb's Toxic Radiance
  7273 | D:6      | Noticed Edmund
  7288 | D:6      | Slain by Edmund

Illustrated notes

Levels and vault maps discovered:
D:1:      dpeg_arrival_caged_fury, layout_basic,
          chequers_ecumenical_altar_twisty
D:2:      layout_rooms, serial_glass, glass_columns_c, glass_columns_b,
          basic_altar, st_stairs_1, uniq_robin, uniq_sigmund, uniq_natasha
D:3:      layout_loops_ring, mainiacjoe_overflow_boulevard,
          minmay_misc_feat_diagonals, corner_web_ring, kennysheep_another_room
D:4:      layout_loops_cross, minmay_temple_entry_trees
D:5:      layout_basic, gammafunk_ghost_cemetery
D:6:      layout_gridville, uniq_edmund
Temple:   nicolae_temple_figure_eight

Skill      XL: |  1  2  3  4  5  6  7 |
---------------+----------------------+-----
Spellcasting   | 3 4 5 6 7 |  7.3
Dodging        | 3 |  3.4
Stealth        | 4 5 6 |  6.7
Transmutations | 2 3 |  3.5
Poison Magic   | 4 |  4.8
Short Blades   | 1 |  1.6
Fighting       | |  0.1
Air Magic      | |  0.4

Action                   |  1- 3 |  4- 6 |  7- 9 || total
-------------------------+-------+-------+-------++-------
Melee: Unarmed           |     8 |       |     9 ||    17
       Dagger            |    10 |    92 |    25 ||   127
 Cast: Sting             |    30 |    43 |    50 ||   123
       Poisonous Vapours |    10 |    37 |    26 ||    73
       Mephitic Cloud    |       |     6 |     4 ||    10
       Spider Form       |       |       |     1 ||     1
Invok: Curse Item        |       |       |     1 ||     1
  Use: Potion            |       |       |     1 ||     1
 Stab: Sleeping          |     2 |     8 |     7 ||    17
       Confused          |       |     4 |       ||     4
Armor: Robe              |     5 |    14 |     1 ||    20
Dodge: Dodged            |    30 |    83 |    35 ||   148
